 Dungeon Crawl Stone Soup version 0.29.1-13-g9f3cf754e1 (webtiles) character file.

Game seed: 6757152809838383952

301 protoss039 the Digger (level 6, 43/47 HPs)
             Began as a Demonspawn Earth Elementalist on Feb 11, 2023.
             Got out of the dungeon alive.
             The game lasted 00:07:54 (3958 turns).

protoss039 the Digger (DsEE)                        Turns: 3958, Time: 00:07:55

Health: 43/47      AC:  5    Str:  8    XL:     6   Next: 14%
Magic:  11/11      EV: 12    Int: 18    God:
Gold:   164        SH:  0    Dex: 14    Spells: 6/12 levels left

rFire   . . .      SeeInvis .   g - +0 hand axe
rCold   . . .      Faith    .   (no shield)
rNeg    . . .      Spirit   .   a - +0 robe
rPois   .          Reflect  .   (no helmet)
rElec   .          Harm     .   (no cloak)
rCorr   .          Rampage  .   (no gloves)
Will    .....                   m - +0 pair of boots
Stlth   ++........              (no amulet)
HPRegen 0.15/turn               (no ring)
MPRegen 0.12/turn               (no ring)

@: no status effects
A: molten scales 1, demonic guardian 1, powered by death 1
a: no special abilities


You escaped.
You visited 1 branch of the dungeon, and saw 3 of its levels.
You also visited: Sewer.

You collected 164 gold pieces.

Inventory:

Hand Weapons
 g - a +0 hand axe (weapon)
 l - a +0 spear
Armour
 a - a +0 robe (worn)
 m - a +0 pair of boots (worn)
 n - a +0 pair of gloves
Wands
 v - a wand of flame (18)
Scrolls
 c - 2 scrolls of teleportation
 d - a scroll of fog {unknown}
 e - a scroll of identify
 j - 4 scrolls of amnesia
 k - 2 scrolls of magic mapping {unknown}
 q - a scroll of enchant weapon {unknown}
 t - a scroll of fear {unknown}
 w - a scroll of brand weapon {unknown}
Potions
 b - a potion of magic
 f - a potion of attraction {unknown}
 h - a potion of brilliance {unknown}
 i - 4 potions of curing
 o - a potion of lignification {unknown}
 p - a potion of ambrosia {unknown}
 r - 4 potions of mutation {unknown}
 s - 4 potions of heal wounds {unknown}
 u - a potion of cancellation {unknown}


   Skills:
 + Level 3.3 Fighting
 - Level 1.7 Dodging
 - Level 1.7 Stealth
 + Level 3.8 Spellcasting
 - Level 0.8 Transmutations
 + Level 4.2 Earth Magic


You had 6 spell levels left.
You knew the following spells:

 Your Spells              Type           Power      Damage    Failure   Level
a - Sandblast             Erth           36%        2d10      2%          1
b - Passwall              Tmut/Erth      10%        N/A       9%          2
c - Stone Arrow           Conj/Erth      22%        3d8       19%         3

Your spell library contained the following spells:

 Spells                   Type           Power      Damage    Failure   Level
 Necrotise                Necr           12%        1d4       16%         1
 Slow                     Hex            12%        N/A       16%         1
 Wereblood                Tmut           6%         N/A       16%         2
 Sublimation of Blood     Necr           3%         N/A       22%         2
 Confusing Touch          Hex            3%         N/A       41%         3
 Vampiric Draining        Necr           3%         2d6       41%         3
 Petrify                  Tmut/Erth      12%        N/A       47%         4
 Agony                    Necr           3%         N/A       99%         5
 Summon Hydra             Summ           1%         N/A       100%        7


Dungeon Overview and Level Annotations

Branches:
Dungeon (3/15) Zot: 14394   Sewer (visited)

Altars:

Annotations:
D:2 1 runed translucent door, Crazy Yiuf


Innate Abilities, Weirdness & Mutations

You are partially covered in molten scales. (AC +2)
A weak demonic guardian rushes to your aid.
You regenerate a little health from kills.


Message History

Your magical contamination has completely faded away.
Casting: Sandblast (safe; 2% risk of failure)
Confirm with . or Enter, or press ? or * to list all spells.
Aiming: Sandblast (safe; 2% risk of failure)
Press: ? - help, Shift-Dir - straight line, f/p - shadow imp
Aim: a shadow imp (heavily wounded, 80% to hit)
The blast of sand hits the shadow imp!
You kill the shadow imp!
Unknown command.
You enter the shallow water.
Moving in this stuff is going to be slow.
You open the door.
There is an open door here.
You see here 4 stones.
There is a transporter here.
You now have 153 gold pieces (gained 14).
There is a transporter here.
w - a scroll labelled NIWAON GUJOLUA You now have 164 gold pieces (gained 11).
There is a transporter here.
You enter the transporter and appear at another place.
(D) Dungeon
Where to? (Enter - D:3 @ (x,y), ? - help)
What level of the Dungeon? (default 1, ? - help)
There is a stone staircase leading up here.
You climb upwards.
Level annotation: 1 runed translucent door, Crazy Yiuf
There is a stone staircase leading down here.
You see here 2 scrolls of noise.
There is a stone staircase leading up here.
You climb upwards.
There is a stone staircase leading down here.
Magic restored.
Things that are here:
a stone; a +0 club You open the door.
There is an open door here.
There is a staircase leading out of the dungeon here.
Are you sure you want to leave the Dungeon?
This will make you lose the game!
You have escaped!

#####.##########
#.....###########
#.#####.........###
#.##...............
#.'......⌠...⌠.....
###...⌠.........⌠..
#.........≈.......
#...⌠...........⌠.
#@.....≈(....≈....
#...⌠...........⌠.
#.........≈.......
##...⌠.........⌠..
#.......⌠...⌠.....
###..(............
####.........###
###########


There were no monsters in sight!

Vanquished Creatures
  3 jellies (Sewer)
  2 orc priests (D:3)
  4 adders
  2 shadow imps (D:3)
  A worm (D:2)
  3 dart slugs
  4 orcs
  10 endoplasms
  10 giant cockroaches
  3 goblins
  3 hobgoblins
  4 kobolds
  11 quokkas
  5 ball pythons
  3 bats
  10 frilled lizards
  14 rats
92 creatures vanquished.

Notes
Turn   | Place    | Note
-------+----------+-------------------------------------------
     0 | D:1      | protoss039 the Demonspawn Earth Elementalist began the
                  | quest for the Orb.
     0 | D:1      | Reached XP level 1. HP: 13/13 MP: 3/3
   120 | D:1      | Found a faded altar of an unknown god.
   499 | D:1      | Gained mutation: You regenerate a little health from kills.
                  | [demonic ancestry]
   499 | D:1      | Reached XP level 2. HP: 20/20 MP: 3/5
   737 | D:1      | Reached skill level 1 in Fighting
   737 | D:1      | Reached skill level 3 in Earth Magic
  1505 | D:1      | Learned a level 2 spell: Passwall
  1533 | D:2      | Reached XP level 3. HP: 26/26 MP: 6/6
  1961 | D:2      | Found a runed translucent door.
  1962 | D:2      | Noticed Crazy Yiuf
  2498 | D:2      | Learned a level 3 spell: Stone Arrow
  2566 | D:3      | Gained mutation: You are partially covered in molten
                  | scales. (AC +2) [demonic ancestry]
  2566 | D:3      | Reached XP level 4. HP: 32/33 MP: 6/8
  2602 | D:3      | Found a transporter.
  2656 | D:3      | Found a transporter.
  2711 | D:3      | Found a glowing drain.
  2790 | Sewer    | Entered a sewer
  2946 | Sewer    | Found a viscous altar of Jiyva.
  3036 | Sewer    | Reached XP level 5. HP: 27/39 MP: 5/9
  3423 | D:3      | Reached skill level 4 in Earth Magic
  3863 | D:3      | Gained mutation: A weak demonic guardian rushes to your
                  | aid. [demonic ancestry]
  3863 | D:3      | Reached XP level 6. HP: 29/47 MP: 8/11
  3958 | D:$      | Got out of the dungeon alive.

Illustrated notes

Levels and vault maps discovered:
D:1:      dpeg_arrival_stone_temple_mockup, layout_basic,
          hellmonk_ecumenical_altar_run_dry, minmay_misc_feat_square
D:2:      layout_basic, minmay_quantized, uniq_crazy_yiuf_cottage
D:3:      gammafunk_wand_slinger, layout_rooms, nicolae_tso_carved_into_rock,
          gup_sewer_entry_pipe, kennysheep_generic_room_15

Skill      XL: |  1  2  3  4  5 |
---------------+----------------+-----
Fighting       | 1 2 3 |  3.3
Earth Magic    | 3 4 |  4.2
Spellcasting   | 3 |  3.8
Dodging        | |  1.7
Stealth        | |  1.7
Transmutations | |  0.8

Action                   |  1- 3 |  4- 6 || total
-------------------------+-------+-------++-------
Melee: Hand axe          |    42 |    37 ||    79
       Punch             |     1 |       ||     1
 Cast: Sandblast         |    57 |    74 ||   131
  Use: Scroll            |     4 |       ||     4
 Stab: Sleeping          |       |     1 ||     1
Armor: Robe              |    21 |    31 ||    52
Dodge: Dodged            |    52 |    56 ||   108
